 Dungeon Crawl Stone Soup version 0.27.1-2-g3b301248ec (webtiles) character file.

Game seed: 5086307715007253420

604 wilfster70 the Chiller (level 7, -2/42 HPs)
             Began as a Gargoyle Ice Elementalist on Oct 1, 2021.
             Slain by a wyvern zombie (5 damage)
             ... on level 5 of the Dungeon.
             The game lasted 00:10:03 (4586 turns).

wilfster70 the Chiller (Gargoyle Ice Elementalist)  Turns: 4586, Time: 00:10:04

Health: -2/42      AC: 16    Str: 17    XL:     7   Next: 42%
Magic:  7/12       EV: 11    Int: 18    God:
Gold:   242        SH:  0    Dex: 10    Spells: 7/13 levels left

rFire    . . .     SeeInvis .   a - +1 whip (flame)
rCold    . . .     Faith    .   (no shield)
rNeg     + + .     Spirit   .   f - +1 robe
rPois    ∞         Reflect  .   (no helmet)
rElec    +         Harm     .   (no cloak)
rCorr    .         Rampage  .   (no gloves)
Will     .....                  d - +0 pair of boots
Stlth    ++........             (no amulet)
HPRegen  0.14/turn              b - +6 ring of strength
MPRegen  0.13/turn              c - ring of positive energy

@: ice-armoured
A: sickness immunity, AC +4, negative energy resistance 1, electricity
resistance, torment resistance 1, petrification resistance
a: no special abilities


You were on level 5 of the Dungeon.
You visited 1 branch of the dungeon, and saw 5 of its levels.

You collected 242 gold pieces.

Inventory:

Hand Weapons
 a - a +1 whip of flaming (weapon)
Armour
 d - a +0 pair of boots (worn)
 f - a +1 robe (worn)
Jewellery
 b - a +6 ring of strength (left hand)
 c - a ring of positive energy (right hand)
Wands
 g - a wand of paralysis (6)
Scrolls
 h - a scroll of blinking
Potions
 j - 2 potions of brilliance
 k - a potion of flight


   Skills:
 + Level 3.9 Fighting
 - Level 1.5 Dodging
 - Level 2.1 Stealth
 + Level 3.9 Spellcasting
 * Level 6.8 Ice Magic


You had 7 spell levels left.
You knew the following spells:

 Your Spells              Type           Power      Damage    Failure   Level
b - Frozen Ramparts       Ice            56%        1d7       2%          3
c - Ozocubu's Armour      Ice            28%        N/A       2%          3

Your spell library contained the following spells:

 Spells                   Type           Power      Damage    Failure   Level
 Freeze                   Ice            100%       1d11      1%          1
 Animate Skeleton         Necr           6%         N/A       16%         1
 Pain                     Necr           12%        1d4       16%         1
 Hailstorm                Conj/Ice       15%        3d5       34%         4
 Vampiric Draining        Necr           1%         2d6       41%         3


Dungeon Overview and Level Annotations

Branches:
Dungeon (5/15)
 Temple: D:4-7

Altars:
Ashenzari
Cheibriados
Wu Jian
Yredelemnul

Annotations:
D:3 2 transporters, PeterMcNeter's ghost, amateur FoFi
D:4 2 transporters


Innate Abilities, Weirdness & Mutations

You are immune to sickness and miasma.
Your stone body is resilient. (AC +4)
You are immune to poison.
You resist negative energy. (rN+)
You are resistant to electric shocks. (rElec)
You are resistant to unholy torment.
You are immune to petrification.


Message History

The wall freezes the wyvern zombie but does no damage.
The wyvern zombie bites you!
You hit the wyvern zombie. You burn the wyvern zombie.
The wyvern zombie is moderately damaged.
The wyvern zombie completely resists.
The wall freezes the wyvern zombie but does no damage.
The wyvern zombie misses you.
You barely miss the wyvern zombie.
The wyvern zombie is moderately damaged.
The wyvern zombie completely resists.
The wall freezes the wyvern zombie but does no damage.
The wyvern zombie barely misses you.
Casting: Frozen Ramparts (dangerous; 2% risk of failure)
Confirm with . or Enter, or press ? or * to list all spells.
A film of ice covers your body!
The wyvern zombie resists.
The wall freezes the wyvern zombie.
The wyvern zombie bites you but does no damage.
The wyvern zombie completely resists.
The wall freezes the wyvern zombie but does no damage.
The wyvern zombie completely misses you.
You hit the wyvern zombie. You burn the wyvern zombie.
The wyvern zombie is heavily damaged.
The wyvern zombie completely resists.
The wall freezes the wyvern zombie but does no damage.
The wyvern zombie bites you.
* * * LOW HITPOINT WARNING * * *
You hit the wyvern zombie. You burn the wyvern zombie.
The wyvern zombie is severely damaged.
The wyvern zombie resists.
The wall freezes the wyvern zombie.
The wyvern zombie barely misses you.
The wyvern zombie completely resists.
The wall freezes the wyvern zombie but does no damage.
The wyvern zombie bites you but does no damage.
You hit the wyvern zombie. You burn the wyvern zombie.
The wyvern zombie is severely damaged.
The frozen ramparts melt away.
The wyvern zombie bites you!
* * * LOW HITPOINT WARNING * * *
You barely miss the wyvern zombie.
The wyvern zombie is severely damaged.
The wyvern zombie bites you.
You die...

#.# #.# ..# ...
#.# #.# #Z# #@#
#.# #.# #.# #.#
#.# #.#
#######.#
........#######


You could see a wyvern zombie.

Vanquished Creatures
  Sigmund (D:4)
  A phantom (D:4)
  2 bullfrogs
  A jelly (D:5)
  An orc priest (D:4)
  Terence (D:2)
  An orc wizard (D:4)
  A hound skeleton (D:4)
  A mummy (D:4)
  5 adders
  A white imp (D:5)
  An ufetubus (D:4)
  An adder skeleton (D:4)
  A worm (D:3)
  2 orcs (D:4)
  9 endoplasms
  2 giant cockroaches
  11 goblins
  5 hobgoblins
  4 jackals (D:1)
  3 kobolds
  3 quokkas
  9 ball pythons
  4 bats
  A frilled lizard (D:1)
  4 rats
76 creatures vanquished.

Notes
Turn   | Place    | Note
-------+----------+-------------------------------------------
     0 | D:1      | wilfster70 the Gargoyle Ice Elementalist began the quest
                  | for the Orb.
     0 | D:1      | Reached XP level 1. HP: 10/10 MP: 3/3
   284 | D:1      | Reached XP level 2. HP: 14/16 MP: 3/5
   562 | D:1      | Reached skill level 1 in Fighting
  1078 | D:2      | Noticed Terence
  1133 | D:1      | Reached XP level 3. HP: 17/20 MP: 3/6
  1196 | D:1      | Learned a level 3 spell: Frozen Ramparts
  1309 | D:2      | Killed Terence
  1310 | D:2      | Reached XP level 4. HP: 3/26 MP: 3/7
  1704 | D:2      | Learned a level 3 spell: Ozocubu's Armour
  1851 | D:2      | Reached skill level 5 in Ice Magic
  2219 | D:3      | Found a broken altar of Ashenzari.
  2269 | D:3      | Found a basalt altar of Yredelemnul.
  2407 | D:3      | Found a transporter.
  2408 | D:3      | Noticed an ogre
  2409 | D:3      | Found a transporter.
  2409 | D:3      | Noticed PeterMcNeter's ghost (amateur FoFi)
  2411 | D:3      | Noticed an ogre
  2542 | D:3      | Reached XP level 5. HP: 30/30 MP: 5/9
  3258 | D:4      | Noticed a phantom
  3297 | D:4      | Reached XP level 6. HP: 18/36 MP: 8/10
  3454 | D:4      | Found a transporter.
  3566 | D:4      | Reached skill level 6 in Ice Magic
  3639 | D:4      | Found a transporter.
  3671 | D:4      | Found a snail-covered altar of Cheibriados.
  3946 | D:4      | Found an ornate altar of the Wu Jian Council.
  3951 | D:4      | Noticed Sigmund
  3960 | D:4      | Killed Sigmund
  3961 | D:4      | Reached XP level 7. HP: 35/42 MP: 8/12
  4125 | D:5      | Entered Level 5 of the Dungeon
  4175 | D:5      | HP: 2/42 [white imp/puff of frost (9)]
  4586 | D:5      | Slain by a wyvern zombie

Illustrated notes

Levels and vault maps discovered:
D:1:      heliophobic_arrival_ceremonial_halls, layout_basic,
          minmay_split_cup_large
D:2:      layout_rooms, minmay_tree_intersection, uniq_terence
D:3:      layout_basic, grunt_temple_overflow_open, gammafunk_ghost_smash
D:4:      gammafunk_cloud_chamber, layout_loops_ring, amcnicky_altar_gilded,
          slow_altar_2, minmay_crystal_water, grunt_tough_drop, uniq_sigmund
D:5:      layout_basic, minmay_temple_entry_statues_pillars

Skill      XL: |  1  2  3  4  5  6 |
---------------+-------------------+-----
Fighting       | 1 2 3 |  3.9
Ice Magic      | 5 6 |  6.8
Spellcasting   | 3 |  3.9
Dodging        | |  1.5
Stealth        | |  2.1

Action                   |  1- 3 |  4- 6 |  7- 9 || total
-------------------------+-------+-------+-------++-------
Melee: Unarmed           |    10 |       |       ||    10
       Dagger            |    40 |    76 |       ||   116
       Whip              |       |    72 |    43 ||   115
 Cast: Freeze            |    29 |     8 |       ||    37
       Frozen Ramparts   |     2 |    13 |     2 ||    17
       Ozocubu's Armour  |       |       |     1 ||     1
  Use: Scroll            |       |     4 |     4 ||     8
       Potion            |       |       |     1 ||     1
 Stab: Sleeping          |     1 |     3 |       ||     4
Armor: Robe              |    21 |    69 |    18 ||   108
Dodge: Dodged            |    64 |    77 |    21 ||   162
